 Dungeon Crawl Stone Soup version 0.29-a0-813-g4a14ea37d6 (webtiles) character file.

Game seed: 1490624035095715961

225 zeratav the Shooter (level 5, 0/25 HPs)
             Began as a Spriggan Hunter on July 5, 2022.
             Slain by an iguana (14 damage)
             ... on level 4 of the Dungeon.
             The game lasted 00:04:18 (3019 turns).

zeratav the Shooter (Spriggan Hunter)               Turns: 3019, Time: 00:04:19

Health: 0/25       AC:  3    Str:  7    XL:     5   Next: 68%
Magic:  6/6        EV: 18    Int: 10    God:
Gold:   227        SH:  0    Dex: 21    Spells: 4/4 levels left

rFire   . . .      SeeInvis +   a - +0 shortbow {bow}
rCold   . . .      Faith    .   (shield currently unavailable)
rNeg    . . .      Spirit   .   c - +0 robe
rPois   .          Reflect  .   (helmet restricted)
rElec   .          Harm     .   i - +0 cloak
rCorr   .          Rampage  .   (gloves unavailable)
Will    .....                   (boots unavailable)
Stlth   ++........              (no amulet)
HPRegen 0.08/turn               (no ring)
MPRegen 0.10/turn               (no ring)

@: lethally poisoned (0 -> -3), very quick
A: very small, no large weapons, unfitting armour, see invisible, speed 3
a: no special abilities


You were on level 4 of the Dungeon.
You visited 2 branches of the dungeon, and saw 5 of its levels.

You collected 237 gold pieces.
You spent 10 gold pieces at shops.


Innate Abilities, Weirdness & Mutations

You are very small and have problems with some larger weapons.
You are too small for most types of armour.
You have supernaturally acute eyesight. (SInv)
You cover ground extremely quickly. (Speed+++)


   Skills:
 - Level 1.5 Fighting
 + Level 7.0 Ranged Weapons
 - Level 2.6 Dodging
 - Level 1.5 Stealth


You had 4 spell levels left.
You didn't know any spells.
Your spell library contained the following spells:

 Spells                   Type           Power      Damage    Failure   Level
 Magic Dart               Conj           0%         1d3       36%         1
 Call Imp                 Summ           0%         N/A       50%         2
 Ensorcelled Hibernation  Hex/Ice        0%         N/A       50%         2
 Passwall                 Tmut/Erth      0%         N/A       50%         2
 Mephitic Cloud           Conj/Pois/Air  0%         N/A       75%         3
 Swiftness                Air            0%         N/A       75%         3
 Teleport Other           Tloc           0%         N/A       75%         3
 Sticky Flame             Conj/Fire      0%         2d3       98%         4
 Spellforged Servitor     Conj/Summ      0%         N/A       100%        7

Inventory:

Hand Weapons
 a - a +0 shortbow (weapon) {bow}
Armour
 c - a +0 robe (worn)
 i - a +0 cloak (worn)
   (You found it on level 2 of the Dungeon)
Jewellery
 p - a ring of ice
   (You found it on level 4 of the Dungeon)
Scrolls
 b - a scroll of immolation {!r!r}
 k - 2 scrolls of teleportation {unknown}
 l - 2 scrolls of enchant weapon {unknown}
 n - a scroll of magic mapping {unknown}
 o - a scroll of blinking {unknown}
Potions
 d - 2 potions of brilliance {unknown}
 e - 5 potions of curing {unknown}
 f - 5 potions of mutation {unknown}
 g - a potion of heal wounds {unknown}
 h - a potion of resistance {unknown}
 j - a potion of berserk rage {unknown}
 m - a potion of haste {unknown}

Dungeon Overview and Level Annotations

Branches:
Dungeon (4/15) Zot: 21905  Temple (1/1) D:4 Zot: 5881

Altars:
Ashenzari
Cheibriados
Makhleb
Qazlal
Ru
Sif Muna
Trog
Uskayaw
Vehumet
Wu Jian
Xom
Zin
The Shining One

Shops:
D:3

*! .....##.#.#.###
............... .
#####.....#.##. ..
...........+. ...####
.##.....#.##.
.......####+###......##.
........#.....#....####.
........#.⌠.⌠.#.........
......l@'[.>..'....#....
......K)#.⌠.⌠.#....#....
.....)..#.....#....#...#
....)...###+###....#...#
......... #.....#...#
......... .......+...#
......... ########...#
.....###$# #...#


You could see an iguana and a kobold.


Message History

Found a shimmering blue altar of Sif Muna.
Found a radiant altar of Vehumet.
There is a fountain of clear blue water here.
Found an ornate altar of the Wu Jian Council.
Found a broken altar of Ashenzari.
Found a glowing golden altar of the Shining One.
There is a fountain of clear blue water here.
Found a stormy altar of Qazlal.
Found a shimmering altar of Xom.
Found a hide-covered altar of Uskayaw.
Found a snail-covered altar of Cheibriados.
Found a bloodstained altar of Trog.
Found a burning altar of Makhleb.
Done exploring.
Done exploring.
Done exploring.
Done exploring.
Search for what [? for help]? dith Can't find anything matching that.
(D) Dungeon (T) Temple
Where to? (Enter - D:4, ? - help)
There is a staircase back to the Dungeon here.
You climb upwards.
Welcome back to the Dungeon!
You hear the hiss of flowing sand.
There is an entrance to an ossuary on this level.
Hurry and find it before the portal is buried!
You hear the quick hiss of an avalanche of sand nearby.
There is a staircase to the Ecumenical Temple here.
There is a fountain of clear blue water here.
You see here a +0 pair of gloves.
You open the door.
An orc and a hobgoblin come into view.
An orc comes into view.
It is wielding a +0 dagger and quivering silver boomerangs.
There is an open door here.
An orc comes into view. It is wielding a +0 whip.
The orc shouts!
You shoot an arrow. The arrow hits the orc!
You kill the orc!
Your Ranged Weapons skill increases to level 7!
You shoot an arrow. The arrow hits the hobgoblin.
An orc comes into view. It is wielding a +0 dagger.
An orc comes into view. It is wielding a +0 hand axe.
The orc throws a silver boomerang.
The silver boomerang hits you.
HP[-2]
You take 2 damage, and now have 23/25 hp.
You shoot an arrow. The arrow barely misses the hobgoblin.
The orc shouts!
You hear an angry hiss.
You shoot an arrow. The arrow closely misses the hobgoblin.
HP[+1]
You shoot an arrow. The arrow hits the hobgoblin!
You kill the hobgoblin!
You shoot an arrow. The arrow completely misses the orc.
The arrow closely misses the orc.
The orc closely misses you.
A kobold comes into view.
It is wielding a +0 whip and quivering poisoned darts.
You shoot an arrow. The arrow barely misses the orc.
The arrow hits the orc!
You kill the orc!
The orc hits you with a +0 whip.
HP[-2]
You take 2 damage, and now have 22/25 hp.
You shoot an arrow. The arrow hits the orc.
The orc misses you. The orc closely misses you.
You shoot an arrow. The arrow hits the orc!
You kill the orc!
The orc barely misses you. The orc hits you but does no damage.
The orc misses you. The orc closely misses you.
You shoot an arrow. The arrow closely misses the orc.
The arrow hits the kobold but does no damage.
The orc misses you. The orc closely misses you.
An iguana comes into view.
You shoot an arrow. The iguana hisses angrily.
The arrow hits the orc!
You kill the orc!
The orc hits you but does no damage.
The kobold throws a poisoned dart.
The poisoned dart barely misses you.
You shoot an arrow. The arrow hits the orc.
The kobold throws a poisoned dart.
The poisoned dart completely misses you.
The orc closely misses you.
You shoot an arrow. The arrow hits the orc!
You kill the orc!
The kobold throws a poisoned dart.
The poisoned dart hits you!
You are poisoned.
You shoot an arrow. The arrow closely misses the kobold.
You feel sick.
The kobold throws a poisoned dart.
The poisoned dart completely misses you.
HP[-2]
You take 2 damage, and now have 20/25 hp.
You shoot an arrow.
The arrow hits the kobold but does no damage.
You feel sick.
HP[-2]
You take 2 damage, and now have 18/25 hp.
You shoot an arrow. The arrow closely misses the kobold.
You feel sick. The kobold closely misses you.
You shoot an arrow.
The arrow hits the iguana but does no damage.
You feel sick. The kobold hits you but does no damage.
The iguana completely misses you. The kobold hits you with a +0 whip.
The iguana bites you!
Ouch! That really hurt!
You die...

Skill      XL: |  1  2  3  4  5 |
---------------+----------------+-----
Ranged Weapons | 5 6 7 |  7.0
Fighting       | |  1.5
Dodging        | |  2.6
Stealth        | |  1.5

Action                   |  1- 3 |  4- 6 || total
-------------------------+-------+-------++-------
 Fire: Shortbow          |   106 |   102 ||   208
Armor: Robe              |     3 |     6 ||     9
Dodge: Dodged            |    29 |    38 ||    67

Levels and vault maps discovered:
D:1:      wander_arrival_fairy_ring, layout_loops_cross
D:2:      layout_basic, dreamdust_ecumenical_altar_angels_and_demons, uniq_robin
D:3:      layout_loops_ring, mainiacjoe_overflow_tiny_flanked, serial_shops,
          shop, nicolae_square_shop, minmay_fractal_squares_gapless_5,
          uniq_terence
D:4:      layout_basic, minmay_temple_entry_hall, nicolae_ossuary_entry_giza,
          chequers_mini_garden
Temple:   nicolae_temple_slightly_damp_pantheon

Notes
Turn   | Place    | Note
-------+----------+-------------------------------------------
     0 | D:1      | zeratav the Spriggan Hunter began the quest for the Orb.
     0 | D:1      | Reached XP level 1. HP: 10/10 MP: 2/2
     0 | D:1      | magus.rc [v1.9.6]
    82 | D:1      | You pick up a book of Burglary and begin reading...
    82 | D:1      | You add the spells Passwall, Ensorcelled Hibernation and
                  | Swiftness to your library.
   200 | D:1      | Reached XP level 2. HP: 14/14 MP: 3/3
   881 | D:2      | Reached skill level 5 in Ranged Weapons
   887 | D:2      | Reached XP level 3. HP: 18/18 MP: 4/4
   895 | D:2      | Noticed Robin
   899 | D:2      | Killed Robin
  1094 | D:2      | Reached XP level 4. HP: 22/22 MP: 5/5
  1165 | D:2      | Found a faded altar of an unknown god.
  1378 | D:2      | Reached skill level 6 in Ranged Weapons
  1805 | D:3      | Noticed Terence
  1862 | D:3      | Killed Terence
  1901 | D:3      | You add the spells Teleport Other, Sticky Flame and
                  | Spellforged Servitor to your library.
  1901 | D:3      | Got Keloc's Quarto of Kinetic Superposition
  1904 | D:3      | Found Ufuts's Assorted Antiques.
  1924 | D:3      | You pick up a book of Minor Magic and begin reading...
  1924 | D:3      | You add the spells Magic Dart, Call Imp and Mephitic Cloud
                  | to your library.
  2213 | D:3      | Found a sacrificial altar of Ru.
  2221 | D:3      | Reached XP level 5. HP: 25/25 MP: 6/6
  2252 | D:3      | Found Elai's Distillery.
  2368 | D:3      | Bought a potion of degeneration for 10 gold pieces
  2412 | D:3      | HP: 6/25 [poisoned by an adder]
  2795 | D:4      | Found a staircase to the Ecumenical Temple.
  2801 | Temple   | Entered the Ecumenical Temple
  3004 | D:4      | Reached skill level 7 in Ranged Weapons
  3019 | D:4      | Slain by an iguana

Vanquished Creatures
  A jelly (D:4)
  A hound (D:4)
  Terence (D:3)
  Robin (D:2)
  4 adders
  A worm (D:2)
  3 dart slugs
  5 orcs (D:4)
  2 endoplasms
  3 giant cockroaches
  11 goblins
  11 hobgoblins
  2 jackals (D:1)
  4 quokkas
  6 ball pythons
  7 frilled lizards
  6 kobolds
  3 rats
72 creatures vanquished.

Table legend:
 A = Non-vault XP
 B = Vault XP
 C = Vault XP percentage of total XP
 D = Non-vault monster count
 E = Vault monster count
 F = Vault count percentage of total count
                 A         B        C        D         E       F
            +---------+---------+-------+---------+---------+-------
      Total |     247 |      75 |  23.3 |      57 |      15 |  20.8
            +---------+---------+-------+---------+---------+-------
        D:1 |      38 |       0 |   0.0 |      21 |       0 |   0.0
        D:2 |      76 |      33 |  30.3 |      22 |      10 |  31.2
        D:3 |      20 |      42 |  67.7 |       5 |       5 |  50.0
        D:4 |     113 |       0 |   0.0 |       9 |       0 |   0.0
            +---------+---------+-------+---------+---------+-------

Illustrated notes

Table legend:
 A = Kills in this place as a percentage of kills in entire the game.
 B = Kills by you in this place as a percentage of kills by you in the entire game.
 C = Kills by friends in this place as a percentage of kills by friends in the entire game.
 D = Other kills in this place as a percentage of other kills in the entire game.
 E = Experience gained in this place as a percentage of experience gained in the entire game.
 F = Experience gained in this place divided by the number of levels of this place that you have seen.
                   A       B       C       D       E      F
               +-------+-------+-------+-------+-------+----------------------
         Total | 100.0 | 100.0 |   N/A |   N/A | 100.0 |  64.4
       Dungeon | 100.0 | 100.0 |   N/A |   N/A | 100.0 |  80.5
               +-------+-------+-------+-------+-------+----------------------

Table legend: (Time is in decaauts)
 A = Elapsed time spent in this place.
 B = Non-inter-level travel time spent in this place.
 C = Inter-level travel time spent in this place.
 D = Time resting spent in this place.
 E = Time spent auto-exploring this place.
 F = Levels seen in this place.
 G = Mean time per level.
                   A        B        C        D        E       F      G
               +--------+--------+--------+--------+--------+-----+--------+
         Total |   2211 |   2111 |    100 |    231 |   1491 |   5 |  442.2 |
       Dungeon |   2093 |   2004 |     89 |    231 |   1392 |   4 |  523.2 |
        Temple |    118 |    107 |     11 |      0 |     99 |   1 |  118.0 |
               +--------+--------+--------+--------+--------+-----+--------+

Top non-repeatable levels by time:
     D:3: 705 daAuts
     D:1: 680 daAuts
     D:2: 595 daAuts
  Temple: 118 daAuts
     D:4: 112 daAuts
